 Dungeon Crawl Stone Soup version 0.27.1-33-g824d729ab1 (webtiles) character file.

Game seed: 5999485625123103622

62 unlimited1921 the Magician (level 4, -3/31 HPs)
             Began as a Djinni Fire Elementalist on Nov 26, 2021.
             Slain by a sky beast (5 damage)
             ... on level 4 of the Dungeon on Nov 27, 2021.
             The game lasted 00:08:21 (3006 turns).

unlimited1921 the Magician (DjFE)                   Turns: 3006, Time: 00:08:21

Health: -3/31      AC:  6    Str:  7    XL:     4   Next: 28%
Gold:   11         EV: 12    Int: 18    God:
                   SH:  0    Dex: 13

rFire    + + .     SeeInvis .   m - +1 dagger (protect)
rCold    x . .     Faith    .   (no shield)
rNeg     + . .     Spirit   .   a - +0 robe
rPois    ∞         Reflect  .   (no helmet)
rElec    .         Harm     .   i - +0 cloak
rCorr    .         Rampage  .   r - +2 pair of gloves
Will     .....                  (boots unavailable)
Stlth    ++........             (no amulet)
HPRegen  0.10/turn              s - ring of positive energy
MPRegen  0.00/turn              (no ring)

@: flying
A: sickness immunity, fire resistance 2, cold vulnerability 1, float, innate
caster, hp casting, extra vitality 1
a: no special abilities


You were on level 4 of the Dungeon.
You visited 1 branch of the dungeon, and saw 3 of its levels.

You collected 11 gold pieces.

Inventory:

Hand Weapons
 m - a +1 dagger of protection (weapon)
Missiles
 h - 25 bolts
Armour
 a - a +0 robe (worn)
 f - a +0 leather armour
 i - a +0 cloak (worn)
 r - a +2 pair of gloves (worn)
Jewellery
 s - a ring of positive energy (left hand)
Wands
 n - a wand of iceblast (5) (quivered)
Scrolls
 b - a scroll of amnesia {unknown}
 c - a scroll of enchant weapon {unknown}
 d - 2 scrolls of identify {unknown}
 j - a scroll of teleportation {unknown}
 k - a scroll of fear {unknown}
 o - a scroll of noise {unknown}
 q - 3 scrolls of brand weapon {unknown}
 t - a scroll of blinking {unknown}
Potions
 e - a potion of attraction {unknown}
 g - a potion of curing {unknown}
 l - a potion of flight {unknown}
 p - a potion of degeneration {unknown}


   Skills:
 + Level 0.4 Armour
 + Level 2.4 Dodging
 + Level 1.9 Stealth
 + Level 3.4 Spellcasting


You couldn't memorise any spells.
You knew the following spells:

 Your Spells              Type           Power      Damage    Failure   Level
a - Foxfire               Conj/Fire      60%        2x1d7     3%          1
b - Conjure Flame         Conj/Fire      15%        6-21      11%         3
c - Inner Flame           Hex/Fire       15%        N/A       11%         3
d - Sticky Flame          Conj/Fire      15%        2d4       36%         4
e - Fireball              Conj/Fire      7%         3d5       71%         5
f - Shock                 Conj/Air       60%        1d6       3%          1
Your spell library was empty.

Dungeon Overview and Level Annotations

Branches:
Dungeon (4/15)
 Temple: D:4-7

Altars:
Kikubaaqudgha
Uskayaw

Shops:
D:1 [!?


Innate Abilities, Weirdness & Mutations

You are immune to sickness and miasma.
You are immune to poison.
Your flesh is very heat resistant. (rF++)
You are vulnerable to cold. (rC-)
You float through the air rather than walking.
You learn spells naturally, not from books.
Your magical power is your life essence.
You have superior vitality. (+4 HP)


Message History

Your magical contamination has completely faded away.
Casting: Foxfire (safe; 3% risk of failure)
Confirm with . or Enter, or press ? or * to list all spells.
You conjure some foxfire!
Something hits you. Something shocks you.
The foxfire hits something. x2; A sky beast appears from thin air!
Reactivating autopickup.
Casting: Foxfire (safe; 3% risk of failure)
Confirm with . or Enter, or press ? or * to list all spells.
You conjure some foxfire!
The sky beast hits you. The sky beast shocks you.
You hit the sky beast.
Your weapon exudes an aura of protection.
The sky beast is severely wounded.
The foxfire hits the sky beast.
The sky beast is severely wounded.
The foxfire hits the sky beast but does no damage.
The sky beast is severely wounded.
The sky beast hits you.
* * * LOW HITPOINT WARNING * * *
The sky beast shocks you.
* * * LOW HITPOINT WARNING * * *
Casting: Foxfire (safe; 3% risk of failure)
Confirm with . or Enter, or press ? or * to list all spells.
You conjure some foxfire!
* * * LOW HITPOINT WARNING * * *
The sky beast barely misses you.
You are too injured to fight recklessly!
The foxfire hits the sky beast but does no damage.
The sky beast is severely wounded.
The foxfire hits the sky beast but does no damage.
The sky beast is severely wounded.
Casting: Foxfire (safe; 3% risk of failure)
Confirm with . or Enter, or press ? or * to list all spells.
You conjure some foxfire!
* * * LOW HITPOINT WARNING * * *
The sky beast flickers out of sight!
Deactivating autopickup; reactivate with Ctrl-A.
Something hits you.
* * * LOW HITPOINT WARNING * * *
Something shocks you.
You die...

#.###>...... ####.......###
#............# ..
#.####.####..####### ...
#.##.....##..##....#####...
#.#.......#...)........)...
#.#.......#.##.8.......8...
#....._.....##)............
#.#.......#.@{.8.......8.#
##.#.......#.vv.....)!....#
#..##.....##.##.8..._...8...
#..####.####.##....###......
#.............#.#.........##
#.####........#.#########.#
#.............+.. #
######........### #####...##


There were no monsters in sight!

Vanquished Creatures
  Jessica (D:2)
  A hound skeleton (D:4)
  2 orcs (D:4)
  3 bats
  4 endoplasms
  3 goblins (D:1)
  2 hobgoblins
  A quokka (D:1)
  A ball python (D:2)
  A kobold (D:1)
  2 rats (D:1)
21 creatures vanquished.

Vanquished Creatures (others)
  83 foxfires
83 creatures vanquished.

Grand Total: 104 creatures vanquished

Notes
Turn   | Place    | Note
-------+----------+-------------------------------------------
     0 | D:1      | unlimited1921 the Djinni Fire Elementalist began the quest
                  | for the Orb.
     0 | D:1      | Reached XP level 1. HP: 15/15 MP: 0/0
   243 | D:1      | Found Qitav's Armour Shop.
   672 | D:1      | Reached XP level 2. HP: 19/21 MP: 0/0
   764 | D:1      | Found Nietwex's Distillery.
   779 | D:1      | Found a faded altar of an unknown god.
   841 | D:1      | Found Neocousa's Magic Scroll Shop.
  2271 | D:2      | Reached skill level 3 in Spellcasting
  2322 | D:2      | Noticed Jessica
  2330 | D:2      | Killed Jessica
  2331 | D:2      | Reached XP level 3. HP: 19/25 MP: 0/0
  2331 | D:2      | Learned a level 1 spell: Shock
  2582 | D:2      | You are sucked into a shaft and drop 2 floors!
  2635 | D:4      | Reached XP level 4. HP: 17/31 MP: 0/0
  2967 | D:4      | Found a hide-covered altar of Uskayaw.
  2988 | D:4      | Noticed a sky beast
  3006 | D:4      | Slain by a sky beast

Illustrated notes

Levels and vault maps discovered:
D:1:      dpeg_arrival_stone_temple_mockup, layout_basic,
          hellmonk_ecumenical_altar_heavens_door, serial_shops, shop,
          nicolae_diamond_shop, nicolae_diamond_shop
D:2:      layout_basic, basic_altar, nrook_uturn, uniq_jessica
D:4:      layout_basic, old_standard_altar, eat_drink_and_be_merry_uskayaw,
          serial_shops, nicolae_stop_n_shop_1, minmay_lizard_king

Skill      XL: |  1  2 |
---------------+-------+-----
Spellcasting   | 3 |  3.4
Armour         | |  0.4
Dodging        | |  2.4
Stealth        | |  1.9

Action                   |  1- 3 |  4- 6 || total
-------------------------+-------+-------++-------
Melee: Dagger            |     5 |     1 ||     6
 Cast: Foxfire           |    43 |    10 ||    53
Armor: Leather armour    |     4 |       ||     4
Dodge: Dodged            |    12 |     1 ||    13
